 Dungeon Crawl Stone Soup version 0.28-a0-1624-g820543e53a (webtiles) character file.

Game seed: 10242199945590653978

34 jlumianski the Firebug (level 3, -3/26 HPs)
             Began as a Hill Orc Fire Elementalist on Jan 24, 2022.
             Slain by an iguana (6 damage)
             ... on level 3 of the Dungeon.
             The game lasted 00:06:51 (1372 turns).

jlumianski the Firebug (Hill Orc Fire Elementalist) Turns: 1372, Time: 00:06:52

Health: -3/26      AC:  4    Str: 12    XL:     3   Next: 31%
Magic:  1/5        EV: 11    Int: 15    God:
Gold:   51         SH:  0    Dex: 11    Spells: 2/5 levels left

rFire   . . .      SeeInvis .   k - +0 dagger
rCold   . . .      Faith    .   (no shield)
rNeg    . . .      Spirit   .   f - +0 leather armour
rPois   .          Reflect  .   (no helmet)
rElec   .          Harm     .   g - +0 cloak
rCorr   .          Rampage  .   (no gloves)
Will    +....                   (no boots)
Stlth   +.........              (no amulet)
HPRegen 0.08/turn               b - ring of willpower
MPRegen 0.09/turn               (no ring)

@: very slightly contaminated
A: no striking features
a: no special abilities


You were on level 3 of the Dungeon.
You visited 1 branch of the dungeon, and saw 3 of its levels.

You collected 51 gold pieces.

Inventory:

Hand Weapons
 c - a +0 club
 k - a +0 dagger (weapon)
Missiles
 d - a stone
 e - 11 poisoned darts (quivered)
 n - 22 sling bullets
Armour
 a - a +0 robe
 f - a +0 leather armour (worn)
 g - a +0 cloak (worn)
 i - a +0 scale mail
 j - a +0 ring mail
Jewellery
 b - a ring of willpower (left hand)
Scrolls
 l - a scroll of fog


   Skills:
 + Level 0.2 Short Blades
 + Level 0.5 Armour
 + Level 1.6 Dodging
 + Level 1.5 Stealth
 + Level 1.9 Spellcasting
 + Level 1.1 Conjurations
 + Level 4.1 Fire Magic


You had 2 spell levels left.
You knew the following spells:

 Your Spells              Type           Power      Damage    Failure   Level
a - Foxfire               Conj/Fire      36%        2x1d5     10%         1
b - Scorch                Fire           26%        2d6       8%          2

Your spell library contained the following spells:

 Spells                   Type           Power      Damage    Failure   Level
 Beastly Appendage        Tmut           2%         N/A       28%         1
 Wereblood                Tmut           1%         N/A       41%         2
 Conjure Flame            Conj/Fire      9%         6-21      28%         3
 Inner Flame              Hex/Fire       7%         N/A       36%         3
 Spider Form              Tmut/Pois      1%         N/A       65%         3
 Flame Wave               Conj/Fire      9%         2d5       67%         4


Dungeon Overview and Level Annotations

Branches:
Dungeon (3/15)

Altars:


Message History

Casting: Foxfire (safe; 10% risk of failure)
Confirm with . or Enter, or press ? or * to list all spells.
You conjure some foxfire!
The iguana bites you.
You barely miss the iguana.
The iguana is moderately wounded.
The foxfire hits the iguana.
The iguana is heavily wounded.
The foxfire hits the iguana but does no damage.
The iguana is heavily wounded.
The iguana barely misses you.
Casting: Foxfire (safe; 10% risk of failure)
Confirm with . or Enter, or press ? or * to list all spells.
You conjure some foxfire!
The iguana barely misses you.
You hit the iguana but do no damage.
The iguana is heavily wounded.
The foxfire hits the iguana.
The iguana is heavily wounded.
The foxfire hits the iguana.
The iguana is severely wounded.
The iguana bites you.
Casting: Foxfire (safe; 10% risk of failure)
Confirm with . or Enter, or press ? or * to list all spells.
You miscast Foxfire.
You are very lightly contaminated with residual magic.
Nothing appears to happen.
The iguana bites you but does no damage.
Casting: Foxfire (safe; 10% risk of failure)
Confirm with . or Enter, or press ? or * to list all spells.
You conjure some foxfire!
The iguana bites you!
Ouch! That really hurt!
* * * LOW HITPOINT WARNING * * *
You hit the iguana.
The iguana is severely wounded.
The foxfire hits the iguana.
The iguana is almost dead.
The foxfire hits the iguana but does no damage.
The iguana is almost dead.
The iguana hisses menacingly.
The iguana bites you.
You die...

##############.#
#........>.....#
#.##############
#.# #.# #.# #.#
### #§###....#
#§@l......
#..#...#.# .....
..... ......#.
.#.. #.#.###.###
# # .... ... ...
... .. #.#


You could see an iguana.

Vanquished Creatures
  A bat (D:1)
  7 endoplasms
  3 goblins
  5 hobgoblins (D:1)
  2 kobolds (D:1)
  2 quokkas
  3 ball pythons
  A frilled lizard (D:1)
  5 rats
29 creatures vanquished.

Vanquished Creatures (others)
  70 foxfires
  11 toadstools (D:2)
81 creatures vanquished.

Grand Total: 110 creatures vanquished

Notes
Turn   | Place    | Note
-------+----------+-------------------------------------------
     0 | D:1      | jlumianski the Hill Orc Fire Elementalist began the quest
                  | for the Orb.
     0 | D:1      | Reached XP level 1. HP: 14/14 MP: 3/3
   282 | D:1      | Reached XP level 2. HP: 20/20 MP: 0/4
   790 | D:1      | Reached skill level 4 in Fire Magic
   967 | D:1      | Reached XP level 3. HP: 26/26 MP: 2/5
  1166 | D:2      | Found a faded altar of an unknown god.
  1346 | D:3      | Learned a level 2 spell: Scorch
  1372 | D:3      | Slain by an iguana

Illustrated notes

Levels and vault maps discovered:
D:1:      minmay_arrival_checkered_box, layout_loops_cross
D:2:      cheibrodos_fertilizer, layout_loops_corners,
          hellmonk_ecumenical_altar_crossroads, uniq_crazy_yiuf_cottage
D:3:      layout_loops_ring, lightli_sewer_entry_pipes, minmay_misc_feat_alley

Skill      XL: |  1  2 |
---------------+-------+-----
Fire Magic     | 4 |  4.1
Short Blades   | |  0.2
Armour         | |  0.5
Dodging        | |  1.6
Stealth        | |  1.5
Spellcasting   | |  1.9
Conjurations   | |  1.1

Action                   || total
-------------------------++-------
Melee: Unarmed           ||     8
       Dagger            ||    15
       Club              ||     2
 Cast: Foxfire           ||    40
  Use: Scroll            ||     2
 Stab: Sleeping          ||     1
Armor: Robe              ||     4
       Leather armour    ||     5
Dodge: Dodged            ||    20

Table legend: (Time is in decaauts)
 A = Elapsed time spent in this place.
 B = Non-inter-level travel time spent in this place.
 C = Inter-level travel time spent in this place.
 D = Time resting spent in this place.
 E = Time spent auto-exploring this place.
 F = Levels seen in this place.
 G = Mean time per level.
                   A        B        C        D        E       F      G
               +--------+--------+--------+--------+--------+-----+--------+
         Total |   1372 |   1347 |     25 |    158 |    802 |   3 |  457.3 |
       Dungeon |   1372 |   1347 |     25 |    158 |    802 |   3 |  457.3 |
               +--------+--------+--------+--------+--------+-----+--------+

Top non-repeatable levels by time:
     D:1: 1077 daAuts
     D:2: 250 daAuts
     D:3: 44 daAuts
